 Dungeon Crawl Stone Soup version 0.18-a0-1273-g8ec5f8e (webtiles) character file.

36232 M4edhros the Covert (level 13, -4/72 HPs)
             Began as an Octopode Artificer on Feb 8, 2016.
             Was an Elder of Fedhas.
             Slain by a yaktaur captain (17 damage)
             ... on level 15 of the Dungeon.
             The game lasted 01:07:29 (30703 turns).

M4edhros the Covert (Octopode Artificer)           Turns: 30703, Time: 01:07:41

Health: -4/72      AC:  3    Str: 16    XL:     13   Next: 88%
Magic:  16/16      EV: 17    Int: 23    God:    Fedhas [****..]
Gold:   1734       SH:  5    Dex: 13    Spells: 5 memorised, 5 levels left

rFire  + + .     SeeInvis .     U - +9 rapier of the Trees {venom, Int+5 Dex+4}
rCold  . . .     Gourm    .     n - +0 buckler of the Gardener {Str+5 Dex-2}
rNeg   + + .     Faith    .     (helmet restricted)
rPois  .         Spirit   .     z - amulet of dismissal
rElec  .         Dismiss  +     t - ring of protection from fire
rCorr  .         Reflect  .     C - ring of stealth
SustAt .         Harm     .     o - ring of positive energy
MR     .....                    X - ring of protection from fire
Stlth  +++++++++.               D - ring of positive energy
                                T - +3 ring of slaying
                                (no ring)
                                (no ring)

@: repel missiles, not resistant to hostile enchantments, incredibly stealthy
A: almost no armour, amphibious, 8 rings, constrict 8, antennae 1, fangs 1,
yellow scales 1, camouflage 2, clumsy 1, low mp 2, regeneration 1, wild magic 1,
gelatinous body 1
a: Evolution, Sunlight, Growth, Reproduction, Renounce Religion


You were on level 15 of the Dungeon.
You worshipped Fedhas.
Fedhas was greatly pleased with you.
You were not hungry.

You visited 2 branches of the dungeon, and saw 16 of its levels.
You also visited: Ossuary.

You collected 1734 gold pieces.

Inventory:

Hand Weapons
 v - the +5 demon whip "Spellbinder" {antimagic, MR+}
   (You found it on level 14 of the Dungeon)

   It disrupts the flow of magical energy around spellcasters and certain
   magical creatures (including the wielder).
   It affects your resistance to hostile enchantments.
 x - a +3 dagger of venom
 S - a +0 hunting sling
 U - the +9 rapier of the Trees (weapon) {venom, Int+5 Dex+4}
   (You took it off an orc priest on level 12 of the Dungeon)

   It poisons the flesh of those it strikes.
   It affects your intelligence (+5).
   It affects your dexterity (+4).
Missiles
 i - 335 stones (quivered)
 p - 60 sling bullets
Armour
 n - the +0 buckler of the Gardener (worn) {Str+5 Dex-2}
   (Xom gifted it to you in the Ecumenical Temple)

   It affects your strength (+5).
   It affects your dexterity (-2).
Rods
 b - a +5 lightning rod (16/16)
   (You acquired it on level 7 of the Dungeon)
Jewellery
 o - a ring of positive energy (on tentacle)
 t - a ring of protection from fire (left tentacle)
 z - an amulet of dismissal (around mantle)
 C - a ring of stealth (right tentacle)
 D - a ring of positive energy (on tentacle)
 P - a +3 amulet of reflection
 T - a +3 ring of slaying (on tentacle)
 X - a ring of protection from fire (on tentacle)
Wands
 a - a wand of digging (7/24)
 c - a wand of lightning (7/15)
 g - a wand of flame (19/48)
 q - a wand of lightning (9/15)
 r - a wand of disintegration (14/24)
 G - a wand of iceblast (0/15)
 H - a wand of hasting (6/9)
 Z - a wand of iceblast (13/15)
Scrolls
 d - a scroll of amnesia
 e - a scroll of blinking
 h - 4 scrolls of enchant armour
 s - a scroll of enchant weapon
 w - a scroll of summoning
 B - a scroll of holy word
 F - a scroll of identify
 K - a scroll of torment {unknown}
 M - 3 scrolls of teleportation
 Q - a scroll of magic mapping
Potions
 j - 2 potions of curing
 k - 3 potions of heal wounds
 m - a potion of lignification
 I - 2 potions of agility
 L - 2 potions of might
 R - 2 potions of cancellation
 W - a potion of haste
 Y - 2 potions of flight
Books
 u - a book of Death

   Spells                             Type                      Level
   a - Corpse Rot                     Necromancy                   2
   b - Sublimation of Blood           Necromancy                   2
   c - Agony                          Necromancy                   5
   d - Dispel Undead                  Necromancy                   5
   e - Excruciating Wounds            Charms/Necromancy            5
   f - Bolt of Draining               Conjuration/Necromancy       5
Miscellaneous
 y - a sack of spiders {used: 3}
 A - a phial of floods
Comestibles
 f - 6 bread rations
 l - a beef jerky
 E - a slice of pizza
 N - 26 fruits


   Skills:
 - Level 1.0 Fighting
 - Level 1.0 Short Blades
 - Level 10.1 Dodging
 - Level 12.6 Stealth
 - Level 5.0 Shields
 + Level 5.1 Spellcasting
 - Level 6.2 Summonings
 * Level 5.5 Transmutations
 * Level 7.8 Air Magic
 * Level 5.7 Earth Magic
 + Level 9.1 Invocations
 + Level 10.7 Evocations


You had 5 spell levels left.
You knew the following spells:

 Your Spells              Type           Power        Failure   Level  Hunger
a - Repel Missiles        Chrm/Air       #####.       7%          2    None
b - Summon Lightning Spi  Summ/Air       ######..     16%         4    ####...
c - Swiftness             Chrm/Air       #####...     7%          2    None
d - Statue Form           Trmt/Erth      #####....    99%         6    #######
e - Recall                Summ/Tloc      N/A          19%         3    ##.....


Dungeon Overview and Level Annotations

Branches:
Dungeon (15/15)            Temple (1/1) D:6            Lair (0/8) D:11
    Orc (0/2) D:10         Vaults (0/5) D:13         Depths (0/5) D:15

Altars:
Ashenzari
Cheibriados
Dithmenos
Elyvilon
Fedhas
Gozag
Kikubaaqudgha
Makhleb
Nemelex Xobeh
Okawaru
Pakellas
Qazlal
Ru
Sif Muna
Trog
Vehumet
Xom
Yredelemnul
Zin
The Shining One
Beogh

Shops:
D:8 }


Innate Abilities, Weirdness & Mutations

You cannot wear most types of armour.
You are amphibious.
You can wear up to eight rings at the same time.
You can use your tentacles to constrict eight enemies at once.
Your skin blends seamlessly with your surroundings (Stealth).
Your rubbery body absorbs attacks (AC +1).
You have a pair of small antennae on your head.
You have very sharp teeth.
You are partially covered in yellow scales (AC +2).
You are clumsy. (Dex -2)
Your magical capacity is very low (-20% MP).
Your natural rate of healing is unusually fast.
Your spells are a little harder to cast, but a little more powerful.


Message History

You impale the yaktaur captain!! You squeeze the yaktaur captain.
The yaktaur captain is heavily wounded.
The yaktaur captain hits you.
You hit the yaktaur captain.
The yaktaur captain is poisoned.
You squeeze the yaktaur captain.
The yaktaur captain is severely wounded.
The yaktaur captain hits you.
You hit the yaktaur captain.
The yaktaur captain is severely wounded.
The yaktaur captain hits you!
You puncture the yaktaur captain!
The yaktaur captain is severely wounded.
The yaktaur captain hits you!
You puncture the yaktaur captain!
The yaktaur captain looks even sicker.
The yaktaur captain is almost dead.
The yaktaur captain hits you!
* * * LOW HITPOINT WARNING * * *
The yaktaur captain hits you!
You die...
Fedhas appreciates your contribution to the ecosystem.

#####.........# #.#...#......#
#...#.........#####.#...#.....##
#...'...............#...#.....#
....#............(..#...#f....#
....#...............#####.....#
....#.############............#
....#.#≈≈....(ff)#............#
....#.#≈.#(≈≈###'#.#########..#
#####{#......#..@#.# #..#
......'f##≈..+?c.#.# ###.##
......#......#...#.# #...#
......#≈.#≈≈≈###+#.#######...####
......#≈≈...... {#...............
......############...............
.................................
.............#######.............
.#######..)..# #.#'###.......


You could see a yaktaur captain and a friendly wandering mushroom.

Vanquished Creatures
  3 vault guards (D:13)
  3 centaur warriors
  A death knight (D:13)
  Urug (D:13)
  2 unseen horrors
  An orc knight (D:15)
  4 hill giants
  2 deep elf magi
  A griffon (D:14)
  A wandering mushroom (D:13)
  4 ugly things
  4 manticores
  3 cyclopes
  Joseph (D:8)
  2 gargoyles
  6 centaur skeletons
  2 yaktaurs (D:15)
  A komodo dragon (D:15)
  A troll (shapeshifter) (D:13)
  A troll (D:15)
  A two-headed ogre (D:12)
  A two-headed ogre (shapeshifter) (D:14)
  3 slime creatures
  A boulder beetle (shapeshifter) (D:14)
  A vampire (D:15)
  A basilisk (D:14)
  5 yaks (D:13)
  4 hippogriffs
  2 hungry ghosts
  2 wargs
  Menkaure (D:7)
  A soldier ant (D:15)
  A water moccasin (D:11)
  5 ice beasts
  7 orc warriors
  2 black bears
  4 sky beasts
  10 ogres
  An eye of draining (D:11)
  2 phantoms (D:4)
  2 wasps
  12 centaurs
  2 big kobolds
  A crocodile (D:8)
  7 giant frogs
  18 orc wizards
  2 scorpions (D:7)
  14 wights
  10 killer bees
  A crimson imp (D:10)
  A centaur zombie (D:5)
  7 hounds
  2 quasits
  13 orc priests
  2 jellies
  A giant frog skeleton (D:12)
  A gnoll shaman (D:10)
  Jessica (D:3)
  5 iguanas
  9 worker ants
  3 sheep (D:14)
  A big kobold skeleton (Ossuary)
  A hound skeleton (D:9)
  8 mummies (Ossuary)
  7 gnolls
  14 adders
  5 shadow imps
  3 oozes
  2 adder skeletons
  5 worms
  6 giant geckos
  61 orcs
  8 giant cockroaches
  4 goblins (D:2)
  6 hobgoblins
  23 jackals
  13 kobolds
  10 quokkas
  A ball python (D:6)
  A ball python zombie (D:6)
  9 bats
  2 giant gecko skeletons
  10 giant newts
  A hobgoblin skeleton (Ossuary)
  A jackal skeleton (D:5)
  5 kobold skeletons (Ossuary)
  An orc zombie (Ossuary)
  5 rats
  A ballistomycete (D:13)
  4 toadstools
431 creatures vanquished.

Vanquished Creatures (collateral kills)
  Rupert (D:12)
  A vault guard (D:13)
  A hydra (D:12)
  A skeletal warrior (D:13)
  An unseen horror (D:11)
  2 hill giants
  An ugly thing (D:14)
  2 manticores
  A cyclops (D:13)
  3 yaktaurs (D:15)
  2 two-headed ogres
  3 slime creatures
  A vampire (D:15)
  A yak (D:11)
  2 hungry ghosts
  A vampire mosquito (D:13)
  3 hippogriffs
  5 orc warriors
  A wasp (D:9)
  An ogre (D:8)
  4 centaurs
  A crocodile (D:9)
  2 giant frogs
  A wyvern skeleton (D:12)
  A scorpion (D:7)
  6 killer bees
  5 wights
  3 crimson imps
  A quasit (D:8)
  6 orc priests
  2 giant frog skeletons (D:9)
  4 orc wizards
  2 worker ants
  6 orcs
  A kobold (D:12)
  A quokka (D:7)
  A giant spore (D:13)
81 creatures vanquished.

Vanquished Creatures (others)
  16 wandering mushrooms
  A basilisk (D:13)
  A sky beast (D:8)
  An orc priest (D:8)
  A jackal (D:2)
  A ballistomycete (D:13)
  A giant spore (D:13)
  A plant (D:11)
  279 toadstools
302 creatures vanquished.

Grand Total: 814 creatures vanquished

Notes
Turn   | Place    | Note
--------------------------------------------------------------
     0 | D:1      | M4edhros the Octopode Artificer began the quest for the Orb.
     0 | D:1      | Reached XP level 1. HP: 13/13 MP: 3/3
    64 | D:1      | Reached XP level 2. HP: 8/18 MP: 4/4
   525 | D:2      | Reached XP level 3. HP: 10/23 MP: 5/5
  1407 | D:3      | Reached XP level 4. HP: 23/28 MP: 6/6
  1511 | D:3      | Noticed Jessica
  1515 | D:3      | Killed Jessica
  1599 | D:3      | Reached skill level 4 in Evocations
  1669 | D:4      | Reached XP level 5. HP: 20/33 MP: 8/8
  2137 | D:4      | Noticed a phantom
  2155 | D:4      | Killed a phantom
  2155 | D:4      | Reached XP level 6. HP: 16/38 MP: 9/9
  2169 | D:4      | Noticed a phantom
  2179 | D:4      | Killed a phantom
  2179 | D:4      | Reached skill level 5 in Stealth
  2509 | D:4      | Reached skill level 6 in Stealth
  2509 | D:4      | Reached XP level 7. HP: 19/43 MP: 10/10
  3119 | D:5      | Entered Level 5 of the Dungeon
  3129 | D:5      | Reached skill level 5 in Dodging
  3215 | D:5      | Reached skill level 5 in Evocations
  3719 | D:5      | Reached skill level 7 in Stealth
  3832 | D:5      | Found a shimmering altar of Xom.
  3912 | D:5      | Became a worshipper of Xom of Malicious Giggling
  4106 | D:5      | Reached XP level 8. HP: 43/48 MP: 12/12
  4110 | D:5      | Gained mutation: Your magical capacity is low (-10% MP). [mutagenic meat]
  4111 | D:5      | Gained mutation: You are agile. (Dex +2) [mutagenic meat]
  4112 | D:5      | Gained mutation: You are resistant to hostile enchantments. [mutagenic meat]
  4205 | D:5      | Reached skill level 8 in Stealth
  4382 | D:6      | Found a staircase to the Ecumenical Temple.
  4582 | D:6      | XOM: silly message
  5154 | D:6      | XOM: divination: detect creatures
  5324 | D:6      | XOM: divination: detect items
  5567 | D:6      | XOM: 5-stop teleportation journey
  5634 | D:6      | XOM: god gift: meat ration
  6313 | D:6      | XOM: 2-stop teleportation journey
  6899 | D:6      | XOM: 5-stop teleportation journey
  6919 | D:6      | Reached skill level 9 in Stealth
  6949 | D:6      | XOM: god gift: sack of spiders
  7168 | D:6      | XOM: 2-stop teleportation journey
  7186 | D:6      | XOM: god gift: leatherbound book {god gift}
  7420 | D:6      | XOM: give mutations
  7420 | D:6      | Gained mutation: Your natural rate of healing is unusually fast. [Xom's grace]
  7420 | D:6      | Gained mutation: Your spells are a little harder to cast, but a little more powerful. [Xom's grace]
  7420 | D:6      | Gained mutation: Your skin blends seamlessly with your surroundings (Stealth). [Xom's grace]
  7420 | D:6      | Gained mutation: One of your tentacles bears a spike. [Xom's grace]
  7670 | D:6      | XOM: god gift: 15 royal jellies
  7779 | D:6      | XOM: divination: detect creatures
  8073 | D:6      | XOM: 3-stop teleportation journey
  8218 | D:6      | Found a sacrificial altar of Ru.
  8220 | D:6      | Found a bloodstained altar of Trog.
  8331 | D:6      | Reached XP level 9. HP: 46/53 MP: 12/12
  8336 | Temple   | Entered the Ecumenical Temple
  8496 | Temple   | XOM: summons 4 hostile demons
  9792 | Temple   | XOM: divination: detect creatures
  9921 | Temple   | XOM: divination: magic mapping
 10044 | Temple   | XOM: 3-stop teleportation journey
 10224 | Temple   | XOM: 8-stop teleportation journey
 11065 | Temple   | XOM: god gift: twisted buckler {god gift}
 11066 | Temple   | Got a twisted buckler {god gift}
 11069 | Temple   | XOM: 1-stop teleportation journey
 11072 | Temple   | Identified the +0 buckler of the Gardener {Str+5 Dex-2} (Xom gifted it to you in the Ecumenical Temple)
 12413 | Temple   | XOM: 7-stop teleportation journey
 12945 | Temple   | XOM: noise
 12980 | Temple   | XOM: god gift: twisted silver wand {god gift}
 13253 | Temple   | XOM: 1-stop teleportation journey
 13256 | Temple   | XOM: give mutations
 13256 | Temple   | Lost mutation: One of your tentacles bears a spike. [Xom's mischief]
 13256 | Temple   | Lost mutation: Your magical capacity is low (-10% MP). [Xom's mischief]
 13428 | Temple   | XOM: mild Pois miscast
 13539 | Temple   | XOM: harmless Divn miscast
 13584 | Temple   | XOM: 7-stop teleportation journey
 13788 | Temple   | XOM: 4-stop teleportation journey
 13830 | Temple   | XOM: cast spell 'Statue Form'
 14152 | Temple   | XOM: cast spell 'Necromutation'
 14579 | Temple   | XOM: mild Trmt miscast
 15000 | Temple   | XOM: god gift: shiny silver ring {god gift}
 15042 | Temple   | XOM is BORED!
 15042 | Temple   | XOM: mild Summ miscast
 15145 | D:7      | Lost mutation: You are resistant to hostile enchantments. [potion of mutation]
 15145 | D:7      | Gained mutation: You have a beak for a mouth. [potion of mutation]
 15145 | D:7      | Gained mutation: You heal very quickly. [potion of mutation]
 15154 | D:7      | Reached skill level 10 in Stealth
 15423 | D:7      | Found an iron altar of Okawaru.
 15455 | D:7      | Noticed Menkaure
 15461 | D:7      | Killed Menkaure
 15716 | D:7      | XOM: scenery: 1 doors open, 1 doors close
 15883 | Temple   | XOM: 1-stop teleportation journey
 16500 | Temple   | XOM: colour smoke trail
 16845 | Temple   | XOM: divination: magic mapping
 17019 | Temple   | XOM: give mutations
 17019 | Temple   | Gained mutation: Your system is resistant to poisons. [Xom's grace]
 17019 | Temple   | Lost mutation: You have a beak for a mouth. [Xom's grace]
 17019 | Temple   | Gained mutation: You have very sharp teeth. [Xom's grace]
 17019 | Temple   | Gained mutation: You can translocate small distances at will. [Xom's grace]
 17019 | Temple   | Gained mutation: You are very agile. (Dex +4) [Xom's grace]
 17287 | Temple   | XOM: harmless Pois miscast
 17799 | Temple   | XOM: god gift: 400 gold pieces
 18921 | Temple   | XOM: 6-stop teleportation journey
 19023 | Temple   | XOM: divination: detect creatures
 19485 | Temple   | XOM: divination: detect creatures
 19515 | Temple   | XOM: god gift: short copper wand {god gift}
 20142 | Temple   | XOM: cast spell 'Necromutation'
 20204 | Temple   | XOM: divination: detect creatures
 20528 | Temple   | XOM: vitrification
 20555 | Temple   | XOM: vitrification
 21091 | Temple   | XOM: god gift: copper wand {god gift}
 21186 | D:6      | XOM is BORED!
 21186 | D:6      | XOM: give mutation
 21186 | D:6      | Lost mutation: Your spells are a little harder to cast, but a little more powerful. [Xom's mischief]
 21235 | D:7      | Identified a scroll of acquirement
 21286 | D:7      | XOM: god gift: 35 gold pieces
 21309 | D:7      | XOM: give mutations
 21309 | D:7      | Gained mutation: You passively map a small area around you. [Xom's grace]
 21309 | D:7      | Gained mutation: Your flesh is heat resistant. [Xom's grace]
 21309 | D:7      | Gained mutation: Your flesh is cold resistant. [Xom's grace]
 21309 | D:7      | Gained mutation: You are resistant to hostile enchantments. [Xom's grace]
 21577 | D:7      | XOM: summons 9 friendly demons
 21582 | D:7      | Reached skill level 11 in Stealth
 21585 | D:7      | XOM: vitrification
 21851 | Temple   | XOM: god gift: glowing glaive {god gift}
 21875 | Temple   | Fell from the grace of Xom
 21875 | Temple   | Became a worshipper of Fedhas Madash
 21979 | D:8      | Noticed Joseph
 21982 | D:8      | Found a sand-covered staircase.
 21993 | Ossuary  | Entered an ossuary
 22371 | D:8      | Reached * piety under Fedhas
 22386 | D:8      | Reached skill level 1 in Invocations
 22445 | D:8      | Reached XP level 10. HP: 58/58 MP: 15/15
 22561 | D:8      | Reached skill level 1 in Shields
 22586 | D:8      | XOM: medium Fire miscast
 22612 | D:8      | Noticed Erolcha
 22634 | D:8      | Reached skill level 12 in Stealth
 22667 | D:8      | XOM: medium Chrm miscast
 23012 | D:3      | Reached ** piety under Fedhas
 23232 | D:2      | XOM: mild Ice miscast
 23402 | D:1      | XOM: medium Hex miscast
 23657 | D:1      | XOM: noise
 23830 | D:4      | XOM: medium Chrm miscast
 23966 | D:6      | XOM: give mutations
 23966 | D:6      | Lost mutation: You heal very quickly. [Xom's mischief]
 23966 | D:6      | Lost mutation: You are resistant to hostile enchantments. [Xom's mischief]
 23966 | D:6      | Lost mutation: You can translocate small distances at will. [Xom's mischief]
 24113 | D:7      | XOM: medium Chrm miscast
 24228 | D:8      | Killed Joseph
 24288 | D:8      | Found an oddly glowing altar of Pakellas.
 24288 | D:8      | Found Pakellas's Prime Provisions.
 24409 | D:8      | Erolcha changed into something unseen
 24411 | D:8      | Noticed Erolcha
 24413 | D:8      | Killed Erolcha the unseen horror
 24494 | D:9      | Reached *** piety under Fedhas
 24916 | D:9      | Gained mutation: You are weak. (Str -2) [potion of mutation]
 24917 | D:9      | Gained mutation: You are partially covered in thin metallic scales (AC +2). [potion of mutation]
 25083 | D:9      | XOM: mild Summ miscast
 25108 | D:9      | XOM: noise
 25144 | D:9      | Learned a level 2 spell: Repel Missiles
 25149 | D:9      | Learned a level 4 spell: Summon Lightning Spire
 25152 | D:9      | Learned a level 2 spell: Swiftness
 25250 | D:10     | Entered Level 10 of the Dungeon
 25263 | D:10     | XOM: 2-stop teleportation journey
 25266 | D:10     | Lost mutation: Your flesh is heat resistant. [potion of cure mutation]
 25266 | D:10     | Lost mutation: You are very agile. (Dex +4) [potion of cure mutation]
 25266 | D:10     | Lost mutation: You are agile. (Dex +2) [potion of cure mutation]
 25266 | D:10     | Lost mutation: You are weak. (Str -2) [potion of cure mutation]
 25266 | D:10     | Lost mutation: Your flesh is cold resistant. [potion of cure mutation]
 25266 | D:10     | Lost mutation: You passively map a small area around you. [potion of cure mutation]
 25266 | D:10     | Lost mutation: You are partially covered in thin metallic scales (AC +2). [potion of cure mutation]
 25333 | D:10     | Reached skill level 5 in Invocations
 25374 | D:10     | Gained mutation: Your body sometimes deteriorates upon taking damage. [mutagenic meat]
 25375 | D:10     | Lost mutation: Your system is resistant to poisons. [mutagenic meat]
 25376 | D:10     | Gained mutation: You are clumsy. (Dex -2) [mutagenic meat]
 25391 | D:10     | XOM: mild Trmt miscast
 25647 | D:10     | Reached skill level 1 in Summonings
 25647 | D:10     | Reached XP level 11. HP: 53/63 MP: 17/17
 25680 | D:10     | Reached skill level 1 in Spellcasting
 25791 | D:10     | Reached skill level 1 in Air Magic
 25856 | D:10     | Found a staircase to the Orcish Mines.
 25873 | D:10     | Found a roughly hewn altar of Beogh.
 26026 | D:11     | Noticed a hill giant
 26035 | D:11     | Killed a hill giant
 26048 | D:11     | HP: 2/63 [warg (18)]
 26193 | D:11     | Found a staircase to the Lair.
 26291 | D:11     | Noticed a hill giant
 26302 | D:11     | Killed a hill giant
 26396 | D:11     | Noticed an unseen horror
 26405 | D:11     | Killed an unseen horror
 26663 | D:11     | Reached **** piety under Fedhas
 26674 | D:11     | Noticed a hill giant
 26677 | D:11     | Killed a hill giant
 26810 | D:11     | Noticed a manticore
 26815 | D:11     | Killed a manticore
 26815 | D:11     | Reached skill level 5 in Shields
 26999 | D:11     | Learned a level 6 spell: Statue Form
 27149 | D:12     | Noticed a hill giant
 27158 | D:12     | Killed a hill giant
 27158 | D:12     | Reached skill level 1 in Transmutations
 27167 | D:12     | Reached skill level 10 in Dodging
 27326 | D:12     | Noticed Rupert
 27327 | D:12     | Paralysed by Rupert for 7 turns
 27332 | D:12     | Noticed a deep elf mage
 27345 | D:12     | Killed Rupert
 27345 | D:12     | Reached skill level 1 in Earth Magic
 27345 | D:12     | Reached XP level 12. HP: 68/68 MP: 19/19
 27356 | D:12     | XOM: medium Pois miscast
 27418 | D:12     | Got a smoking rapier {venom}
 27419 | D:12     | Identified the +9 rapier of the Trees {venom, Int+5 Dex+4} (You took it off an orc priest on level 12 of the Dungeon)
 27643 | D:12     | Noticed a seven-headed hydra
 27686 | D:12     | XOM: divination: detect items
 27698 | D:12     | Killed a seven-headed hydra
 27730 | D:12     | XOM: silly message
 27924 | D:13     | Gained mutation: You are partially covered in yellow scales (AC +2). [mutagenic meat]
 27944 | D:13     | Noticed Urug
 27952 | D:13     | Killed Urug
 28018 | D:13     | XOM: harmless Necr miscast
 28068 | D:13     | XOM: noise
 28309 | D:13     | XOM: noise
 28325 | D:13     | Reached skill level 5 in Air Magic
 28328 | D:13     | Noticed a vault guard
 28332 | D:13     | Noticed a vault guard
 28335 | D:13     | HP: 4/102 [cyan ugly thing (16)]
 28341 | D:13     | Noticed a vault guard
 28348 | D:13     | Killed a vault guard
 28348 | D:13     | Reached skill level 10 in Evocations
 28372 | D:13     | Killed a vault guard
 28373 | D:13     | Reached skill level 5 in Summonings
 28381 | D:13     | Noticed a vault guard
 28394 | D:13     | Killed a vault guard
 28409 | D:13     | Killed a vault guard
 28578 | D:13     | Found a gate to the Vaults.
 28681 | D:13     | XOM: mild Erth miscast
 28686 | D:13     | Noticed a centaur warrior
 28737 | D:13     | Killed a centaur warrior
 28737 | D:13     | Reached XP level 13. HP: 37/72 MP: 20/20
 28937 | D:13     | XOM: mild Necr miscast
 29090 | D:13     | XOM: cast spell 'Ice Form'
 29280 | D:14     | Identified Ugoafote's Compendium of the Escort
 29292 | D:14     | Learned a level 3 spell: Recall
 29329 | D:14     | Gained mutation: Your magical capacity is low (-10% MP). [mutagenic meat]
 29340 | D:14     | Gained mutation: You are covered in fur (AC +1). [mutagenic meat]
 29342 | D:14     | Gained mutation: You have a pair of small antennae on your head. [mutagenic meat]
 29343 | D:14     | Gained mutation: Your magical capacity is very low (-20% MP). [mutagenic meat]
 29502 | D:14     | XOM: noise
 29755 | D:14     | Lost mutation: Your body sometimes deteriorates upon taking damage. [mutagenic meat]
 29756 | D:14     | Lost mutation: You are covered in fur (AC +1). [mutagenic meat]
 29757 | D:14     | Gained mutation: Your spells are a little harder to cast, but a little more powerful. [mutagenic meat]
 30119 | D:15     | Entered Level 15 of the Dungeon
 30136 | D:15     | Reached skill level 5 in Earth Magic
 30198 | D:15     | Reached skill level 5 in Transmutations
 30256 | D:15     | XOM: harmless Chrm miscast
 30397 | D:15     | Reached skill level 5 in Spellcasting
 30696 | D:15     | Found a staircase to the Depths.
 30696 | D:15     | Noticed a yaktaur captain
 30703 | D:15     | Slain by a yaktaur captain

Vault maps used:
D:1:      minmay_arrival_arboretum_large
D:2:      kennysheep_generic_room_12
D:3:      minmay_misc_feat_ornament, minivault_27, uniq_jessica
D:4:      hangedman_decor_peaks_small
D:5:      first_bread, xom_confusion_cloud
D:6:      nicolae_overflow_hidden_temple, minmay_temple_entry_mist
D:7:      lemuel_doored_altar, columned_hall_lemuel, uniq_menkaure
D:8:      johnstein_pakellas_shop, enter_ossuary_2, blue_anna_alchemist,
          uniq_joseph, uniq_erolcha
D:9:      serial_curves, eino_curves_03, eino_curves_01, minmay_statues_item
D:10:     minmay_orc_entry_temple_small
D:11:     erik_lair_orcish_takeover
D:12:     uniq_rupert
D:13:     lightli_vaults_fourway_checkpoint, uniq_urug
D:14:     fountainhead
D:15:     grunt_enter_depths_snipers
Temple:   nicolae_temple_the_god_donut
Ossuary:  ossuary_tomb_3

Action                   |  1- 3 |  4- 6 |  7- 9 | 10-12 | 13-15 || total
-------------------------+-------+-------+-------+-------+-------++-------
Melee: Short sword       |    22 |       |       |       |       ||    22
       Dagger            |    42 |    70 |   257 |     8 |       ||   377
       Glaive            |       |       |    69 |   137 |       ||   206
       Unarmed           |       |       |    12 |       |     1 ||    13
       Dire flail        |       |       |       |   228 |       ||   228
       Rod               |       |       |       |     4 |       ||     4
       Rapier            |       |       |       |    83 |   109 ||   192
       Great sword       |       |       |       |     6 |       ||     6
 Fire: Hunting sling     |       |       |       |     4 |    13 ||    17
 Cast: Summon Lightning  |       |       |       |     2 |     7 ||     9
       Repel Missiles    |       |       |       |       |     1 ||     1
Invok: Evolution         |       |       |     1 |    15 |     4 ||    20
       Sunlight          |       |       |       |     9 |     3 ||    12
       Reproduction      |       |       |       |     1 |       ||     1
Evoke: Wand              |     9 |    15 |    21 |    15 |     3 ||    63
       Rod               |       |       |     6 |    41 |    24 ||    71
       Sack of spiders   |       |       |       |     4 |       ||     4
       Phial of floods   |       |       |       |     2 |     1 ||     3
  Use: Potion            |       |     2 |     8 |    23 |     3 ||    36
       Scroll            |       |       |    16 |    13 |     5 ||    34
 Stab: Sleeping          |     8 |     5 |    29 |    39 |    23 ||   104
       Paralysed         |       |     2 |     2 |       |       ||     4
       Distracted        |       |       |     1 |     3 |     1 ||     5
       Confused          |       |       |       |     3 |       ||     3
  Eat: Chunk             |     1 |     3 |     7 |     5 |     8 ||    24
       Meat ration       |       |       |     6 |     4 |     1 ||    11
       Royal jelly       |       |       |    12 |     2 |     1 ||    15
       Beef jerky        |       |       |     1 |       |       ||     1
       Pizza             |       |       |       |     1 |     1 ||     2
